 Dungeon Crawl Stone Soup version 0.26-a0-259-g1effd001a9 (webtiles) character file.

Game seed: 17100422056271617738

539 Icebird the Covered (level 7, -2/61 HPs)
             Began as a Minotaur Fighter on July 26, 2020.
             Slain by Duvessa
             ... wielding a cursed -1 short sword
              (7 damage)
             ... on level 4 of the Dungeon on July 27, 2020.
             The game lasted 01:08:35 (4178 turns).

Icebird the Covered (Minotaur Fighter)              Turns: 4178, Time: 01:08:37

Health: -2/61      AC: 14    Str: 22 (23) XL:     7   Next: 5%
Magic:  6/6        EV:  5    Int:  4 (5)  God:
Gold:   234        SH:  9    Dex:  7 (9)  Spells: 6/6 levels left

rFire    x . .     SeeInvis .   a - +0 flail
rCold    + . .     Faith    +   c - +0 kite shield
rNeg     . . .     Spirit   .   v - +0 plate armour
rPois    .         Reflect  .   o - +2 hat
rElec    .         Harm     .   (no cloak)
rCorr    .                      (no gloves)
MR       .....                  (no boots)
Stlth    ..........             j - amulet of faith
HPRegen  0.20/turn              g - ring of ice
MPRegen  0.10/turn              y - ring of flight

@: stab
A: retaliatory headbutt, horns 2
a: Evoke Flight


You were on level 4 of the Dungeon.
You were not hungry.

You visited 1 branch of the dungeon, and saw 4 of its levels.
You also visited: Sewer.

You collected 234 gold pieces.

Inventory:

Hand Weapons
 a - a +0 flail (weapon)
 b - a +2 hunting sling of freezing
 p - a +1 vorpal falchion
Missiles
 e - 45 poisoned darts (quivered)
 i - 42 arrows
 q - 89 stones
 t - 52 bolts
 x - 11 sling bullets
Armour
 c - a +0 kite shield (worn)
 o - a +2 hat (worn)
 r - a +0 chain mail
 v - a +0 plate armour (worn)
Jewellery
 g - a ring of ice (left hand)
 j - an amulet of faith (around neck)
 y - a ring of flight (right hand)
Scrolls
 u - 3 scrolls of identify
 z - a scroll of blinking
 A - 4 scrolls of fog
Potions
 h - a potion of cancellation {unknown}
 k - a potion of brilliance {unknown}
 l - a potion of flight {unknown}
 m - a potion of stabbing
 n - a potion of degeneration
 s - a potion of heal wounds
 w - a potion of invisibility {unknown}
 B - a potion of haste
Comestibles
 f - 9 rations


   Skills:
 + Level 5.1 Fighting
 + Level 5.3 Maces & Flails
 + Level 1.9 Slings
 + Level 5.7 Armour
 + Level 1.6 Dodging
 + Level 5.1 Shields


You had 6 spell levels left.
You didn't know any spells.
Your spell library was empty.

Dungeon Overview and Level Annotations

Branches:
Dungeon (4/15)              Sewer (visited)
 Temple: D:4-7

Altars:
Ashenzari
Gozag
Hepliaklqana
Uskayaw

Annotations:
D:4 Duvessa


Innate Abilities, Weirdness & Mutations

You reflexively headbutt those who attack you in melee.
You have a pair of horns on your head.


Message History

Duvessa is severely wounded.
The hound bites you but does no damage.
Duvessa hits you with a cursed -1 short sword!
* * * LOW HITPOINT WARNING * * *
The hound bites you but does no damage. You block Duvessa's attack.
You closely miss Duvessa.
Duvessa is severely wounded.
You feel a little less mighty now.
The hound pauses to sniff the ground.
The hound bites you but does no damage. You block Duvessa's attack.
The hound bites you but does no damage.
Duvessa hits you with a cursed -1 short sword.
* * * LOW HITPOINT WARNING * * *
You sock Duvessa!
Duvessa is almost dead.
The hound bites you but does no damage. Duvessa hits you but does no damage.
The hound bites you.
* * * LOW HITPOINT WARNING * * *
Duvessa hits you with a cursed -1 short sword!
You die...

...## ....# .#....##
##....##....
....#...###...........
#..###..##.........# #
#....##).#.........#..
###..###)#............
###............((....###
................eh.....#
##..........$..@).#
###.........<##......#
................####.#
#..........#...### ..
##...............##. .
...........####.....
###.........#.......
###.....>........#
#................


You could see Duvessa (berserk) and a hound.

Vanquished Creatures
  Menkaure (D:4)
  Dowan (D:4)
  A water moccasin skeleton (D:4)
  2 orc priests (D:4)
  2 orc wizards (D:4)
  4 gnolls (D:3)
  7 adders
  A river rat (Sewer)
  An adder skeleton (D:3)
  A worm (D:3)
  2 dart slugs
  2 leopard geckos (D:1)
  4 orcs (D:4)
  4 ball pythons
  5 bats
  8 giant cockroaches
  8 goblins
  5 hobgoblins
  12 jackals
  6 kobolds
  A ball python zombie (D:4)
  10 frilled lizards
  9 rats
97 creatures vanquished.

Notes
Turn   | Place    | Note
-------+----------+-------------------------------------------
     0 | D:1      | Icebird the Minotaur Fighter began the quest for the Orb.
     0 | D:1      | Reached XP level 1. HP: 19/19 MP: 0/0
   225 | D:1      | Reached XP level 2. HP: 27/27 MP: 1/1
  1029 | D:2      | Reached XP level 3. HP: 33/33 MP: 2/2
  1703 | D:2      | Reached XP level 4. HP: 36/40 MP: 3/3
  2402 | D:3      | Reached skill level 1 in Slings
  2433 | D:3      | Found an opulent altar of Gozag.
  2471 | D:3      | Found a shattered altar of Ashenzari.
  2535 | D:3      | Noticed a +0 dagger
  2537 | D:3      | Found a hide-covered altar of Uskayaw.
  2685 | D:3      | Noticed a +0 hand axe
  2935 | D:3      | Found a glowing drain.
  2963 | Sewer    | Entered a sewer
  3116 | Sewer    | Reached XP level 5. HP: 47/47 MP: 4/4
  3312 | D:3      | Reached skill level 1 in Dodging
  3615 | D:3      | Reached skill level 5 in Armour
  3719 | D:3      | Found a hazy altar of Hepliaklqana.
  4012 | D:4      | Noticed Duvessa
  4012 | D:4      | Noticed Dowan
  4105 | D:4      | Reached XP level 6. HP: 26/53 MP: 5/5
  4135 | D:4      | Noticed Menkaure
  4154 | D:4      | Killed Menkaure
  4154 | D:4      | Reached skill level 5 in Fighting
  4154 | D:4      | Reached skill level 5 in Maces & Flails
  4154 | D:4      | Reached skill level 5 in Shields
  4174 | D:4      | Killed Dowan
  4174 | D:4      | Reached XP level 7. HP: 31/61 MP: 6/6
  4178 | D:4      | Slain by Duvessa

Illustrated notes

Levels and vault maps discovered:
D:1:      dpeg_arrival_snail, layout_loops_ring
D:2:      layout_basic, minmay_circle_x
D:3:      layout_loops_corners, dancing_weapons_uskayaw,
          nicolae_ashenzari_panopticon, lemuel_coloured_pillars_altar,
          marbit_many_paths, gup_sewer_entry_glass, first_ration
D:4:      layout_rooms, minivault_19, kennysheep_generic_room_9, uniq_menkaure,
          uniq_duvessa, uniq_eustachio

Skill      XL: |  1  2  3  4  5  6 |
---------------+-------------------+-----
Fighting       | 4 5 |  5.1
Armour         | 4 5 |  5.7
Maces & Flails | 3 4 5 |  5.3
Shields        | 4 5 |  5.1
Slings         | 1 |  1.9
Dodging        | 1 |  1.6

Action                   |  1- 3 |  4- 6 |  7- 9 || total
-------------------------+-------+-------+-------++-------
Melee: Flail             |   114 |   186 |     4 ||   304
       Headbutt          |    15 |    26 |     1 ||    42
 Fire: Hunting sling     |     2 |    15 |       ||    17
  Use: Scroll            |       |     6 |       ||     6
       Potion            |       |     5 |       ||     5
  Eat: Ration            |     1 |     2 |       ||     3
Armor: Scale mail        |    40 |    41 |       ||    81
       Chain mail        |       |    13 |       ||    13
       Plate armour      |       |    21 |     8 ||    29
Dodge: Dodged            |    33 |    39 |     1 ||    73
Block: Kite shield       |    55 |    91 |     3 ||   149

Table legend:
 A = Non-vault XP
 B = Vault XP
 C = Vault XP percentage of total XP
 D = Non-vault monster count
 E = Vault monster count
 F = Vault count percentage of total count
                 A         B        C        D         E       F
            +---------+---------+-------+---------+---------+-------
      Total |     444 |     327 |  42.4 |      66 |      31 |  32.0
            +---------+---------+-------+---------+---------+-------
        D:1 |      34 |       0 |   0.0 |      16 |       0 |   0.0
        D:2 |      75 |      19 |  20.2 |      23 |       6 |  20.7
        D:3 |      97 |      22 |  18.5 |      17 |       6 |  26.1
        D:4 |     238 |     244 |  50.6 |      10 |       2 |  16.7
      Sewer |       0 |      42 | 100.0 |       0 |      17 | 100.0
            +---------+---------+-------+---------+---------+-------
